 Dungeon Crawl Stone Soup version 0.22-a0-42-g002c468 (webtiles) character file.

21 shenanigans the Charmwright (level 2, 0/23 HPs)
             Began as a Barachi Skald on Jan 5, 2018.
             Slain by a gnoll
             ... wielding a +0 spear
              (4 damage)
             ... on level 1 of the Dungeon.
             The game lasted 00:01:31 (904 turns).

shenanigans the Charmwright (Barachi Skald)          Turns: 904, Time: 00:01:32

Health: 0/23       AC:  6    Str: 12    XL:     2   Next: 83%
Magic:  2/5        EV:  9    Int: 13    God:
Gold:   34         SH:  0    Dex: 11    Spells: 4/5 levels left

rFire    . . .     SeeInvis .   a - +0 hand axe
rCold    . . .     Gourm    .   (no shield)
rNeg     . . .     Faith    .   j - +0 scale mail
rPois    .         Spirit   .   (no helmet)
rElec    .         Reflect  .   (no cloak)
rCorr    .         Harm     .   (no gloves)
MR       .....                  (no boots)
Stlth    ..........             (no amulet)
HPRegen  0.07/turn              (no ring)
MPRegen  0.09/turn              (no ring)

@: infused, slow
A: +LOS, swims, slowness 1, strong legs 1
a: Hop


You were on level 1 of the Dungeon.
You were hungry.

You visited 1 branch of the dungeon, and saw 1 of its levels.

You collected 34 gold pieces.

Inventory:

Hand Weapons
 a - a +0 hand axe (weapon)
 i - a +0 dagger
Armour
 b - a +0 leather armour
 j - a +0 scale mail (worn)
Jewellery
 k - an uncursed amulet of magic regeneration {unknown}
Scrolls
 g - 3 scrolls of identify {unknown}
Potions
 e - a potion of berserk rage {unknown}
 f - a potion of agility {unknown}
 h - a potion of brilliance {unknown}
 l - a potion of ambrosia {unknown}
Books
 c - a book of Battle

   Spells                             Type                      Level
   a - Infusion                       Charms                       1
   b - Shroud of Golubria             Charms/Translocation         2
   c - Song of Slaying                Charms                       2
   d - Spectral Weapon                Hexes/Charms                 3
   e - Regeneration                   Charms/Necromancy            3
Comestibles
 d - a ration


   Skills:
 + Level 2.9 Fighting
 + Level 2.6 Axes
 + Level 1.9 Armour
 + Level 2.6 Dodging
 - Level 2.1 Spellcasting
 - Level 3.2 Charms


You had 4 spell levels left.
You knew the following spells:

 Your Spells              Type           Power        Failure   Level  Hunger
a - Infusion              Chrm           #...         32%         1    ##.....


Dungeon Overview and Level Annotations

Branches:
Dungeon (1/15)

Altars:

Annotations:
D:1 1 runed door


Innate Abilities, Weirdness & Mutations

Shadows flee at your approach. (+LOS)
You can swim through water.
You cover ground slowly.
You can hop short distances.


Message History

The gnoll hits you but does no damage. The gnoll hits you with a spear.
* * * LOW HITPOINT WARNING * * *
You barely miss the gnoll.
The gnoll is severely wounded.
The gnoll hits you with a spear.
* * * LOW HITPOINT WARNING * * *
You hit the gnoll.
The gnoll is almost dead.
You are feeling hungry.
The gnoll barely misses you.
You barely miss the gnoll.
The gnoll is almost dead.
The gnoll barely misses you.
You closely miss the gnoll.
The gnoll is almost dead.
The gnoll hits you but does no damage.
You barely miss the gnoll.
The gnoll is almost dead.
The gnoll hits you with a spear.
You die...

## #.........#...... #.
###.######....... #.
#..>.......###### #.
#.##...##..#... s ###(
#.##...##..# ..s ...
#.#######..# hJ
#.###.##..........######
#......†.#.....#..#.....
#....##@.+........+⌠....
#..# #g##...(....#.....
#. #g# #####...#..⌠..
#b. .....###+## (..
........... ...#
........... ....#
...###.... ....#
#######... #...#
#.........


You could see a gnoll, a goblin and a bat.

Vanquished Creatures
  An ooze (D:1)
  A leopard gecko (D:1)
  2 bats (D:1)
  A giant cockroach (D:1)
  3 hobgoblins (D:1)
  3 kobolds (D:1)
  A frilled lizard (D:1)
  2 rats (D:1)
14 creatures vanquished.

Notes
Turn   | Place    | Note
-------+----------+-------------------------------------------
     0 | D:1      | shenanigans the Barachi Skald began the quest for the Orb.
     0 | D:1      | Reached XP level 1. HP: 17/17 MP: 3/3
     1 | D:1      | Found a runed door.
   166 | D:1      | Reached XP level 2. HP: 11/23 MP: 1/5
   904 | D:1      | Slain by a gnoll

Vault maps used:
D:1:      dpeg_arrival_caged_fury, st_stairs_10, minmay_misc_feat_square

Action                   || total
-------------------------++-------
Melee: Hand axe          ||    87
 Cast: Infusion          ||     2
  Use: Scroll            ||     1
Armor: Leather armour    ||    14
       Scale mail        ||    19
Dodge: Dodged            ||    56

Table legend:
 A = Spawn XP
 B = Non-spawn XP
 C = Spawn XP percentage of total XP
 D = Spawn monster count
 E = Non-spawn monster count
 F = Spawn count percentage of total count
 G = Total turns spent on level
                    A         B        C        D         E        F      G
               +---------+---------+-------+---------+---------+-------+---------
         Total |       0 |      30 |   0.0 |       0 |      14 |   0.0 |   904
               +---------+---------+-------+---------+---------+-------+---------
           D:1 |       0 |      30 |   0.0 |       0 |      14 |   0.0 |   904
               +---------+---------+-------+---------+---------+-------+---------
